Nashville Predators vs Vegas Golden Knights
Created - Friday, November 15, 2024 at 07:48
Goals
|
| Nashville Predators |
2 |
3 |
1 |
6 |
| Vegas Golden Knights |
0 |
2 |
3 |
5 |
|
Shots
|
| Nashville Predators |
5 |
10 |
12 |
27 |
| Vegas Golden Knights |
11 |
8 |
12 |
31 |
|
1st period
1. Nashville Predators , Thomas Novak 16 (Pius Suter 23) at 11:22
2. Nashville Predators , Colton Sissons 33 (Leo Carlsson 31) at 14:12
Penalties :
Ryan Johansen (NSH) for Roughing (Minor) at 2:49, Brandon Montour (NSH) for Cross-checking (Minor) at 16:47
2nd period
3. Nashville Predators , Thomas Novak 17 (Colton Sissons 45, Leo Carlsson 32) at 5:01
4. Vegas Golden Knights , Tyler Bertuzzi 12 (Roman Josi 32, Tyler Toffoli 24) at 16:36
5. Vegas Golden Knights , Tyler Toffoli 20 (Sean Monahan 39, Thomas Chabot 18) at 17:40
6. Nashville Predators , Max Pacioretty 25 (Colton Sissons 46) at 19:00 (PP)
7. Nashville Predators , Trevor Zegras 21 (Ryan Johansen 41) at 19:08
Penalties :
Thomas Chabot (VGK) for Holding (Minor) at 18:09
3rd period
8. Vegas Golden Knights , Bryan Rust 25 (Marc-Edouard Vlasic 9) at 4:07
9. Vegas Golden Knights , Danton Heinen 10 (John Marino 16) at 15:58
10. Nashville Predators , Thomas Novak 18 (Pius Suter 24, Ben Chiarot 17) at 16:42
11. Vegas Golden Knights , Sean Couturier 24 (Danton Heinen 17, Jordan Staal 23) at 17:35
Penalties :
Alexander Wennberg (NSH) for Hooking (Minor) at 1:15, Max Pacioretty (NSH) for Tripping (Minor) at 4:10, Mattias Samuelsson (NSH) for Tripping (Minor) at 13:06, Danton Heinen (VGK) for Tripping (Minor) at 0:00
Goalie Stats
Semyon Varlamov (NSH), 26 saves from 31 shots - (0.839), W, 19-12-5, 60:00 minutes
Cayden Primeau (VGK), 21 saves from 27 shots - (0.778), L, 25-5-5, 59:21 minutes
Players Stats for Nashville Predators
Player Name G A P +/- PIM S H SB GA TA FO MP PP MP PK MP
------------------------------------------------------------------------------------
Alexander Wennberg 0 0 0 0 2 3 2 0 2 0 1/2 16:44 0:34 3:47
Artem Zub 0 0 0 2 0 1 3 2 0 1 0/0 25:00 0:00 4:59
Ben Chiarot 0 1 1 2 0 1 3 0 1 1 0/0 23:38 0:34 4:06
Brandon Montour 0 0 0 -2 2 1 1 1 0 1 0/0 21:09 0:17 1:47
Brett Leason 0 0 0 0 0 0 0 0 0 1 0/0 15:05 0:00 4:44
Colton Sissons 1 2 3 -3 0 7 0 0 0 0 9/15 18:22 0:23 4:46
Jack Drury 0 0 0 0 0 2 1 0 0 1 5/10 10:07 0:00 0:00
Juuso Valimaki 0 0 0 0 0 0 1 1 0 0 0/0 10:41 0:00 0:32
Leo Carlsson 0 2 2 -3 0 1 0 0 0 0 0/1 11:26 0:23 0:00
Mattias Samuelsson 0 0 0 -2 2 0 2 0 0 1 0/0 24:56 0:00 3:48
Max Pacioretty 1 0 1 -3 2 2 1 1 0 1 1/1 12:46 0:23 0:27
Michael Carcone 0 0 0 2 0 1 1 0 1 1 0/1 12:34 0:00 0:00
Pius Suter 0 2 2 2 0 1 2 0 0 1 1/2 14:24 0:00 1:53
Ryan Johansen 0 1 1 1 2 0 4 0 0 1 7/15 18:38 0:28 3:35
Simon Benoit 0 0 0 0 0 0 1 1 0 1 0/0 14:02 0:00 4:38
Thomas Novak 3 0 3 2 0 6 0 0 0 1 9/18 13:00 0:17 0:00
Trevor Zegras 1 0 1 1 0 1 2 0 0 0 0/1 14:03 0:28 0:38
Tyson Foerster 0 0 0 1 0 0 1 0 1 0 0/0 13:25 0:28 0:00
Players Stats for Vegas Golden Knights
Player Name G A P +/- PIM S H SB GA TA FO MP PP MP PK MP
------------------------------------------------------------------------------------
Auston Matthews 0 0 0 0 0 4 1 1 3 1 12/28 19:37 4:44 0:00
Bryan Rust 1 0 1 0 0 4 2 1 1 0 0/1 18:53 4:44 0:00
Curtis Lazar 0 0 0 -1 0 1 1 0 0 0 1/1 7:37 0:00 0:00
Danton Heinen 1 1 2 1 2 6 3 1 1 0 0/3 14:53 0:04 0:00
John Marino 0 1 1 1 0 2 2 2 1 2 0/0 21:59 5:51 0:51
Jordan Staal 0 1 1 1 0 1 2 1 0 0 0/1 14:29 0:01 0:26
Marc-Edouard Vlasic 0 1 1 -1 0 1 1 0 0 0 0/0 22:47 2:19 0:34
Pierre-edouard Bellemare 0 0 0 -1 0 0 0 0 2 0 4/4 8:02 0:00 0:25
Reilly Smith 0 0 0 0 0 1 3 0 0 0 0/3 17:53 4:44 0:00
Roman Josi 0 1 1 0 0 2 2 1 1 1 0/0 25:38 5:42 0:00
Ryan Graves 0 0 0 0 0 0 2 1 0 1 0/0 16:13 0:00 0:17
Sean Couturier 1 0 1 1 0 1 1 0 0 0 6/10 14:13 0:00 0:26
Sean Monahan 0 1 1 0 0 3 2 0 2 0 9/14 18:49 5:10 0:00
Shea Theodore 0 0 0 0 0 0 0 0 0 0 0/0 6:37 2:26 0:00
Thomas Chabot 0 1 1 0 2 0 3 1 0 0 0/0 25:48 3:32 0:00
Trevor Lewis 0 0 0 -1 0 1 0 0 0 0 1/1 8:02 0:00 0:25
Tyler Bertuzzi 1 0 1 0 0 1 2 0 1 0 0/0 18:49 5:08 0:00
Tyler Toffoli 1 1 2 0 0 3 3 1 0 0 0/0 18:49 5:10 0:00
3 Stars
1 - Thomas Novak (NSH)
2 - Pius Suter (NSH)
3 - Tyler Toffoli (VGK)
Power Play
Nashville Predators - 1 on 2 Attempt(s) - 50.00%
Vegas Golden Knights - 0 on 5 Attempt(s) - 0.00%
Penalty Kill
Nashville Predators - 5 on 5 Attempt(s) - 100.00%
- Score 0 goal in Penalty Kill
Vegas Golden Knights - 1 on 2 Attempt(s) - 50.00%
- Score 0 goal in Penalty Kill
Team Stat
Nashville Predators - Hits : 25 - Faceoff Wins : 33 - Blocked Shots : 6 - Penalty Minutes : 10
Vegas Golden Knights - Hits : 30 - Faceoff Wins : 33 - Blocked Shots : 10 - Penalty Minutes : 4
Official
Referees : Kevin Pollock and Tj Luxmore
Linesman : Bevan Mills and Steve Barton
Game Notes
Shea Theodore is injured at 18:45 of 1st period (Bruised Right Arm)
Thomas Novak has scored a Hat Trick!
Finance
Level 1 -- Attendance: 5868 (97.80%) -- Ticket Income $557,460
Level 2 -- Attendance: 5000 (100.00%) -- Ticket Income $275,000
Level 3 -- Attendance: 3000 (100.00%) -- Ticket Income $90,000
Level 4 -- Attendance: 4995 (99.90%) -- Ticket Income $99,900
Luxury Box -- Attendance: 936 (93.60%) -- Ticket Income $177,840
Game was played at the T-Mobile Arena.
Total Attendance: 19799 (99.00%)
Total Ticket Income: $1,200,200
Other Income: $420,070
Total Income: $1,620,270
Nashville Predators
5 vs 5 Forward
Center Left Wing Right Wing Time % Phy DF OF
1 Colton Sissons Max Pacioretty Leo Carlsson 27 0 2 3
2 Ryan Johansen Trevor Zegras Tyson Foerster 27 1 2 2
3 Thomas Novak Pius Suter Michael Carcone 25 0 2 3
4 Jack Drury Alexander Wennberg Brett Leason 21 0 2 3
5 vs 5 Defense
Defense Defense Time % Phy DF OF
1 Brandon Montour Mattias Samuelsson 40 1 2 2
2 Ben Chiarot Artem Zub 40 1 3 1
3 Simon Benoit Juuso Valimaki 15 1 3 1
4 Artem Zub Mattias Samuelsson 5 1 3 1
PowerPlay Forward
Center Left Wing Right Wing Time % Phy DF OF
1 Colton Sissons Max Pacioretty Leo Carlsson 50 1 1 3
2 Ryan Johansen Trevor Zegras Tyson Foerster 50 1 1 3
PowerPlay Defense
Defense Defense Time % Phy DF OF
1 Brandon Montour Thomas Novak 50 1 1 3
2 Ben Chiarot Alexander Wennberg 50 2 2 1
Penalty Kill 4 Players Forward
Center Wing Time % Phy DF OF
1 Colton Sissons Alexander Wennberg 50 1 2 2
2 Ryan Johansen Brett Leason 50 1 2 2
Penalty Kill 4 Players Defense
Defense Defense Time % Phy DF OF
1 Artem Zub Mattias Samuelsson 50 2 3 0
2 Simon Benoit Ben Chiarot 50 1 3 1
Penalty Kill - 3 Players Forward
Forward Time % Phy DF OF
1 Colton Sissons 50 1 2 2
2 Alexander Wennberg 50 1 2 2
Penalty Kill - 3 Players Defense
Defense Defense Time % Phy DF OF
1 Artem Zub Mattias Samuelsson 50 1 2 2
2 Ben Chiarot Simon Benoit 50 1 2 2
4 vs 4 Forward
Center Wing Time % Phy DF OF
1 Colton Sissons Leo Carlsson 40 1 2 2
2 Ryan Johansen Alexander Wennberg 60 1 2 2
4 vs 4 Defense
Defense Defense Time % Phy DF OF
1 Brandon Montour Artem Zub 50 2 2 1
2 Simon Benoit Ben Chiarot 50 2 2 1
Last Minutes Offensive
Center Left Wing Right Wing Defense Defense
Colton Sissons Trevor Zegras Tyson Foerster Leo Carlsson Max Pacioretty
Last Minutes Defensive
Center Left Wing Right Wing Defense Defense
Colton Sissons Alexander Wennberg Ryan Johansen Artem Zub Mattias Samuelsson
Goaltenders
Starting : Semyon Varlamov
Backup : Anthony Stolarz
Extra Forwards
Normal : Pius Suter, Thomas Novak, Michael Carcone - PP : Thomas Novak, Pius Suter - PK : Brett Leason
Extra Defensemen
Normal : Brandon Montour, Ben Chiarot, Mattias Samuelsson - PP : Artem Zub - PK : Brandon Montour, Simon Benoit
Penalty Shots
Leo Carlsson, Trevor Zegras, Tyson Foerster, Pius Suter, Thomas Novak
Scratches
Kevin Labanc (Healthy), Zemgus Girgensons (Healthy), Parker Wotherspoon (Right Leg Injury), Mads Sogaard (Healthy), Samuel Ersson (Healthy)
Vegas Golden Knights
5 vs 5 Forward
Center Left Wing Right Wing Time % Phy DF OF
1 Auston Matthews Bryan Rust Reilly Smith 30 1 2 2
2 Sean Monahan Tyler Toffoli Tyler Bertuzzi 30 1 2 2
3 Sean Couturier Jordan Staal Danton Heinen 25 1 2 2
4 Pierre-edouard Bellemare Curtis Lazar Trevor Lewis 15 1 2 2
5 vs 5 Defense
Defense Defense Time % Phy DF OF
1 Roman Josi Ryan Graves 35 1 2 2
2 Marc-Edouard Vlasic Thomas Chabot 35 1 2 2
3 John Marino Shea Theodore 30 1 2 2
4 Roman Josi Ryan Graves 0 1 2 2
PowerPlay Forward
Center Left Wing Right Wing Time % Phy DF OF
1 Auston Matthews Bryan Rust Reilly Smith 50 1 2 2
2 Sean Monahan Tyler Toffoli Tyler Bertuzzi 50 1 2 2
PowerPlay Defense
Defense Defense Time % Phy DF OF
1 Roman Josi Shea Theodore 50 1 2 2
2 John Marino Thomas Chabot 50 1 2 2
Penalty Kill 4 Players Forward
Center Wing Time % Phy DF OF
1 Sean Couturier Jordan Staal 50 1 2 2
2 Pierre-edouard Bellemare Trevor Lewis 50 1 2 2
Penalty Kill 4 Players Defense
Defense Defense Time % Phy DF OF
1 John Marino Ryan Graves 50 1 2 2
2 Marc-Edouard Vlasic Thomas Chabot 50 1 2 2
Penalty Kill - 3 Players Forward
Forward Time % Phy DF OF
1 Jordan Staal 50 1 2 2
2 Sean Couturier 50 1 2 2
Penalty Kill - 3 Players Defense
Defense Defense Time % Phy DF OF
1 John Marino Ryan Graves 50 1 2 2
2 Marc-Edouard Vlasic Thomas Chabot 50 1 2 2
4 vs 4 Forward
Center Wing Time % Phy DF OF
1 Auston Matthews Bryan Rust 50 1 2 2
2 Sean Monahan Tyler Toffoli 50 1 2 2
4 vs 4 Defense
Defense Defense Time % Phy DF OF
1 Roman Josi Ryan Graves 50 1 2 2
2 Marc-Edouard Vlasic Thomas Chabot 50 1 2 2
Last Minutes Offensive
Center Left Wing Right Wing Defense Defense
Auston Matthews Bryan Rust Sean Monahan Roman Josi Thomas Chabot
Last Minutes Defensive
Center Left Wing Right Wing Defense Defense
Sean Couturier Jordan Staal Pierre-edouard Bellemare John Marino Ryan Graves
Goaltenders
Starting : Cayden Primeau
Backup : Alexandar Georgiev
Extra Forwards
Normal : Danton Heinen, Trevor Lewis, Curtis Lazar - PP : Danton Heinen, Trevor Lewis - PK : Curtis Lazar
Extra Defensemen
Normal : John Marino, Roman Josi, Marc-Edouard Vlasic - PP : John Marino - PK : Shea Theodore, Thomas Chabot
Penalty Shots
Sean Monahan, Tyler Toffoli, Sean Couturier, Reilly Smith, Jordan Staal
Scratches
Maxime Comtois (Healthy), Travis Hamonic (Healthy), Conor Sheary (Healthy)
% Time on Ice - Nashville Predators
Lines # - Real PCT - Wanted PCT - Time Play
Normal Forward
1 - 26% - 27% - 12:40
2 - 27% - 27% - 13:11
3 - 25% - 25% - 12:15
4 - 21% - 21% - 10:07
Normal Defense
1 - 41% - 40% - 19:34
2 - 39% - 40% - 18:58
3 - 19% - 15% - 9:11
4 - 1% - 5% - 0:30
PP Forward
1 - 45% - 50% - 0:23
2 - 55% - 50% - 0:28
PP Defense
1 - 33% - 50% - 0:17
2 - 67% - 50% - 0:34
PK Forward
1 - 52% - 50% - 5:10
2 - 48% - 50% - 4:45
PK Defense
1 - 50% - 50% - 4:59
2 - 50% - 50% - 4:56
PK3 Forward
1 - 0% - 50%
2 - 0% - 50%
PK3 Defense
1 - 0% - 50%
2 - 0% - 50%
44 Forward
1 - 0% - 40%
2 - 0% - 60%
44 Defense
1 - 0% - 50%
2 - 0% - 50%
Last Minute Offensive - 0:00
Last Minute Defensive - 1:01
Total
Forward - 60:00
Defense - 60:00
|
% Time on Ice - Vegas Golden Knights
Lines # - Real PCT - Wanted PCT - Time Play
Normal Forward
1 - 27% - 30% - 13:09
2 - 28% - 30% - 13:41
3 - 29% - 25% - 13:47
4 - 16% - 15% - 7:37
Normal Defense
1 - 34% - 35% - 16:38
2 - 34% - 35% - 16:36
3 - 31% - 30% - 14:49
4 - 0% - 0% - 0:11
PP Forward
1 - 48% - 50% - 4:44
2 - 52% - 50% - 5:11
PP Defense
1 - 51% - 50% - 5:06
2 - 49% - 50% - 4:49
PK Forward
1 - 51% - 50% - 0:26
2 - 49% - 50% - 0:25
PK Defense
1 - 33% - 50% - 0:17
2 - 67% - 50% - 0:34
PK3 Forward
1 - 0% - 50%
2 - 0% - 50%
PK3 Defense
1 - 0% - 50%
2 - 0% - 50%
44 Forward
1 - 0% - 50%
2 - 0% - 50%
44 Defense
1 - 0% - 50%
2 - 0% - 50%
Last Minute Offensive - 1:00
Last Minute Defensive - 0:00
Total
Forward - 60:00
Defense - 60:00
|
Play-by-Play
1st period
0:01 of 1st period - Max Pacioretty wins face-off versus Auston Matthews in neutral zone.
0:09 of 1st period - Snap shot by Auston Matthews.
0:09 of 1st period - Stopped by Semyon Varlamov with a rebound.
0:31 of 1st period - Roman Josi is hit by Trevor Zegras and loses puck.
0:38 of 1st period - Trevor Zegras is hit by Roman Josi and loses puck.
1:49 of 1st period - Snap shot by Pierre-edouard Bellemare.
1:49 of 1st period - Shot Misses the Net.
1:51 of 1st period - Snap shot by Curtis Lazar.
1:51 of 1st period - Stopped by Semyon Varlamov with a rebound.
2:12 of 1st period - Snap shot by Trevor Lewis.
2:12 of 1st period - Shot Misses the Net.
2:49 of 1st period - Minor Penalty to Ryan Johansen for Roughing.
2:50 of 1st period - Colton Sissons wins face-off versus Reilly Smith in Nashville Predators zone.
3:06 of 1st period - Snap shot by Auston Matthews.
3:06 of 1st period - Shot Hit the Post.
4:49 of 1st period - Penalty to Ryan Johansen is over, Ryan Johansen is back on ice.
6:12 of 1st period - Shea Theodore is hit by Juuso Valimaki.
6:47 of 1st period - Shea Theodore is hit by Mattias Samuelsson and loses puck.
7:14 of 1st period - Artem Zub is hit by Ryan Graves.
8:14 of 1st period - Icing by Juuso Valimaki.
8:15 of 1st period - Auston Matthews wins face-off versus Jack Drury in Nashville Predators zone.
8:18 of 1st period - Wrist shot by Bryan Rust.
8:18 of 1st period - Shot Misses the Net.
8:20 of 1st period - Wrist shot by Auston Matthews.
8:20 of 1st period - Stopped by Semyon Varlamov without a rebound.
8:21 of 1st period - Auston Matthews wins face-off versus Jack Drury in Nashville Predators zone.
8:28 of 1st period - Jack Drury is hit by Bryan Rust.
8:45 of 1st period - Off-side.
8:46 of 1st period - Sean Monahan wins face-off versus Thomas Novak in neutral zone.
8:49 of 1st period - Pius Suter is hit by Tyler Bertuzzi and loses puck.
9:02 of 1st period - Slapshot by Roman Josi.
9:02 of 1st period - Stopped by Semyon Varlamov with a rebound.
9:38 of 1st period - Off-side.
9:39 of 1st period - Sean Monahan wins face-off versus Pius Suter in neutral zone.
9:46 of 1st period - Off-side.
9:47 of 1st period - Sean Monahan wins face-off versus Thomas Novak in neutral zone.
10:43 of 1st period - Tyson Foerster is hit by Jordan Staal and loses puck.
10:57 of 1st period - Ben Chiarot is hit by Danton Heinen and loses puck.
11:12 of 1st period - Snap shot by Ryan Johansen.
11:12 of 1st period - Shot Misses the Net.
11:14 of 1st period - Slapshot by Ben Chiarot.
11:14 of 1st period - Stopped by Cayden Primeau with a rebound.
11:16 of 1st period - Slapshot by Ryan Johansen.
11:16 of 1st period - Deflect By Trevor Zegras.
11:16 of 1st period - Shot Blocked by Jordan Staal.
11:16 of 1st period - Puck is out of play.
11:17 of 1st period - Thomas Novak wins face-off versus Sean Monahan in Vegas Golden Knights zone.
11:22 of 1st period - Wrist shot by Pius Suter.
11:22 of 1st period - Deflect By Thomas Novak.
11:22 of 1st period - Goal by Thomas Novak - Nashville Predators : 1 - Vegas Golden Knights : 0.
11:23 of 1st period - Sean Monahan wins face-off versus Thomas Novak in neutral zone.
11:49 of 1st period - Sean Monahan is hit by Jack Drury and loses puck.
12:56 of 1st period - Mattias Samuelsson is hit by Ryan Graves and loses puck.
13:11 of 1st period - Snap shot by Leo Carlsson.
13:11 of 1st period - Shot Hit the Post.
13:13 of 1st period - Wrist shot by Brandon Montour.
13:13 of 1st period - Stopped by Cayden Primeau with a rebound.
13:15 of 1st period - Slapshot by Brandon Montour.
13:15 of 1st period - Shot Blocked by Roman Josi.
13:17 of 1st period - Wrist shot by Leo Carlsson.
13:17 of 1st period - Shot Blocked by Ryan Graves.
13:29 of 1st period - Snap shot by Colton Sissons.
13:29 of 1st period - Shot Blocked by Tyler Toffoli.
14:12 of 1st period - Snap shot by Colton Sissons.
14:12 of 1st period - Deflect By Tyler Bertuzzi.
14:12 of 1st period - Goal by Colton Sissons - Nashville Predators : 2 - Vegas Golden Knights : 0.
14:13 of 1st period - Auston Matthews wins face-off versus Thomas Novak in neutral zone.
14:20 of 1st period - Wrist shot by Auston Matthews.
14:20 of 1st period - Stopped by Semyon Varlamov with a rebound.
14:22 of 1st period - Snap shot by Auston Matthews.
14:22 of 1st period - Shot Blocked by Artem Zub.
14:24 of 1st period - Wrist shot by Bryan Rust.
14:24 of 1st period - Stopped by Semyon Varlamov with a rebound.
14:26 of 1st period - Wrist shot by Bryan Rust.
14:26 of 1st period - Stopped by Semyon Varlamov without a rebound.
14:27 of 1st period - Jack Drury wins face-off versus Auston Matthews in Nashville Predators zone.
14:30 of 1st period - Wrist shot by Auston Matthews.
14:30 of 1st period - Deflect By Reilly Smith.
14:30 of 1st period - Stopped by Semyon Varlamov without a rebound.
14:31 of 1st period - Jack Drury wins face-off versus Auston Matthews in Nashville Predators zone.
15:58 of 1st period - Snap shot by Alexander Wennberg.
15:58 of 1st period - Shot Misses the Net.
16:00 of 1st period - Wrist shot by Michael Carcone.
16:00 of 1st period - Stopped by Cayden Primeau without a rebound.
16:01 of 1st period - Thomas Novak wins face-off versus Danton Heinen in Vegas Golden Knights zone.
16:16 of 1st period - Snap shot by Sean Couturier.
16:16 of 1st period - Shot Blocked by Artem Zub.
16:26 of 1st period - Ben Chiarot is hit by John Marino and loses puck.
16:35 of 1st period - Snap shot by Auston Matthews.
16:35 of 1st period - Stopped by Semyon Varlamov without a rebound.
16:36 of 1st period - Sean Couturier wins face-off versus Alexander Wennberg in Nashville Predators zone.
16:45 of 1st period - Backhand shot by Roman Josi.
16:45 of 1st period - Shot Misses the Net.
16:47 of 1st period - Minor Penalty to Brandon Montour for Cross-checking.
16:48 of 1st period - Colton Sissons wins face-off versus Sean Monahan in Nashville Predators zone.
17:01 of 1st period - Sean Monahan is hit by Ryan Johansen and loses puck.
18:44 of 1st period - Shea Theodore is hit by Simon Benoit and loses puck.
18:45 of 1st period - Shea Theodore from Vegas Golden Knights is injured at 18:45 of 1st period (Bruised Right Arm).
18:46 of 1st period - Colton Sissons wins face-off versus Sean Monahan in Vegas Golden Knights zone.
18:47 of 1st period - Penalty to Brandon Montour is over, Brandon Montour is back on ice.
18:59 of 1st period - Wrist shot by Sean Monahan.
18:59 of 1st period - Shot Misses the Net.
19:01 of 1st period - Slapshot by John Marino.
19:01 of 1st period - Stopped by Semyon Varlamov without a rebound.
19:02 of 1st period - Auston Matthews wins face-off versus Ryan Johansen in Nashville Predators zone.
19:03 of 1st period - Wrist shot by Bryan Rust.
19:03 of 1st period - Stopped by Semyon Varlamov with a rebound.
19:27 of 1st period - Pius Suter is hit by Sean Couturier and loses puck.
Goals for this period are 2 for Nashville Predators vs 0 for Vegas Golden Knights.
Shots for this period are 5 for Nashville Predators vs 11 for Vegas Golden Knights.
2nd period
0:01 of 2nd period - Auston Matthews wins face-off versus Ryan Johansen in neutral zone.
0:04 of 2nd period - Ben Chiarot is hit by Bryan Rust and loses puck.
0:53 of 2nd period - John Marino is hit by Max Pacioretty and loses puck.
0:59 of 2nd period - Off-side.
1:00 of 2nd period - Ryan Johansen wins face-off versus Auston Matthews in neutral zone.
1:17 of 2nd period - Bryan Rust is hit by Brandon Montour and loses puck.
2:00 of 2nd period - Snap shot by Tyler Bertuzzi.
2:00 of 2nd period - Shot Blocked by Max Pacioretty.
2:10 of 2nd period - Trevor Lewis is hit by Pius Suter and loses puck.
2:17 of 2nd period - Thomas Novak is hit by Thomas Chabot and loses puck.
2:54 of 2nd period - Snap shot by Alexander Wennberg.
2:54 of 2nd period - Shot Misses the Net.
2:56 of 2nd period - Snap shot by Alexander Wennberg.
2:56 of 2nd period - Shot Misses the Net.
3:52 of 2nd period - Auston Matthews is hit by Trevor Zegras and loses puck.
4:45 of 2nd period - Artem Zub is hit by Tyler Toffoli.
5:01 of 2nd period - Wrist shot by Thomas Novak.
5:01 of 2nd period - Goal by Thomas Novak - Nashville Predators : 3 - Vegas Golden Knights : 0.
5:02 of 2nd period - Ryan Johansen wins face-off versus Auston Matthews in neutral zone.
6:12 of 2nd period - Ben Chiarot is hit by Thomas Chabot and loses puck.
6:38 of 2nd period - Max Pacioretty is hit by Reilly Smith and loses puck.
6:45 of 2nd period - Slapshot by Bryan Rust.
6:45 of 2nd period - Shot Misses the Net.
6:59 of 2nd period - Mattias Samuelsson is hit by Roman Josi and loses puck.
7:58 of 2nd period - Thomas Chabot is hit by Artem Zub and loses puck.
8:07 of 2nd period - Snap shot by Leo Carlsson.
8:07 of 2nd period - Shot Misses the Net.
8:26 of 2nd period - Off-side.
8:27 of 2nd period - Jack Drury wins face-off versus Auston Matthews in neutral zone.
8:54 of 2nd period - Danton Heinen is hit by Ryan Johansen and loses puck.
9:14 of 2nd period - Icing by Roman Josi.
9:15 of 2nd period - Colton Sissons wins face-off versus Jordan Staal in Vegas Golden Knights zone.
9:16 of 2nd period - Snap shot by Max Pacioretty.
9:16 of 2nd period - Stopped by Cayden Primeau without a rebound.
9:17 of 2nd period - Auston Matthews wins face-off versus Colton Sissons in Vegas Golden Knights zone.
9:44 of 2nd period - Snap shot by Tyler Toffoli.
9:44 of 2nd period - Stopped by Semyon Varlamov without a rebound.
9:45 of 2nd period - Ryan Johansen wins face-off versus Sean Monahan in Nashville Predators zone.
10:01 of 2nd period - Wrist shot by Sean Monahan.
10:01 of 2nd period - Stopped by Semyon Varlamov with a rebound.
10:32 of 2nd period - Wrist shot by Tyler Toffoli.
10:32 of 2nd period - Shot Blocked by Simon Benoit.
10:34 of 2nd period - Wrist shot by Sean Monahan.
10:34 of 2nd period - Stopped by Semyon Varlamov without a rebound.
10:35 of 2nd period - Thomas Novak wins face-off versus Auston Matthews in Nashville Predators zone.
10:37 of 2nd period - Icing by Pius Suter.
10:38 of 2nd period - Thomas Novak wins face-off versus Auston Matthews in Nashville Predators zone.
11:10 of 2nd period - Brett Leason is hit by Jordan Staal.
11:46 of 2nd period - Tyler Toffoli is hit by Mattias Samuelsson and loses puck.
11:55 of 2nd period - Sean Monahan is hit by Tyson Foerster and loses puck.
12:27 of 2nd period - Snap shot by Brett Leason.
12:27 of 2nd period - Deflect By Alexander Wennberg.
12:27 of 2nd period - Stopped by Cayden Primeau with a rebound.
12:29 of 2nd period - Snap shot by Jack Drury.
12:29 of 2nd period - Stopped by Cayden Primeau without a rebound.
12:30 of 2nd period - Sean Couturier wins face-off versus Colton Sissons in Vegas Golden Knights zone.
12:38 of 2nd period - Leo Carlsson is hit by Danton Heinen.
12:42 of 2nd period - Snap shot by Max Pacioretty.
12:42 of 2nd period - Shot Blocked by Danton Heinen.
13:02 of 2nd period - Wrist shot by Reilly Smith.
13:02 of 2nd period - Shot Misses the Net.
13:08 of 2nd period - Auston Matthews is hit by Pius Suter and loses puck.
13:40 of 2nd period - Off-side.
13:41 of 2nd period - Curtis Lazar wins face-off versus Ryan Johansen in neutral zone.
13:52 of 2nd period - Wrist shot by Tyson Foerster.
13:52 of 2nd period - Shot Misses the Net.
13:54 of 2nd period - Snap shot by Trevor Zegras.
13:54 of 2nd period - Deflect By Tyson Foerster.
13:54 of 2nd period - Shot Blocked by Auston Matthews.
13:54 of 2nd period - Puck is out of play.
13:55 of 2nd period - Auston Matthews wins face-off versus Thomas Novak in Vegas Golden Knights zone.
13:59 of 2nd period - Off-side.
14:00 of 2nd period - Thomas Novak wins face-off versus Auston Matthews in neutral zone.
14:11 of 2nd period - Slapshot by Roman Josi.
14:11 of 2nd period - Shot Blocked by Brandon Montour.
14:28 of 2nd period - Slapshot by Roman Josi.
14:28 of 2nd period - Shot Misses the Net.
14:30 of 2nd period - Snap shot by Sean Couturier.
14:30 of 2nd period - Shot Misses the Net.
14:32 of 2nd period - Slapshot by Danton Heinen.
14:32 of 2nd period - Stopped by Semyon Varlamov with a rebound.
14:52 of 2nd period - Slapshot by Sean Monahan.
14:52 of 2nd period - Stopped by Semyon Varlamov without a rebound.
14:53 of 2nd period - Ryan Johansen wins face-off versus Auston Matthews in Nashville Predators zone.
15:24 of 2nd period - Ben Chiarot is hit by Tyler Toffoli and loses puck.
15:40 of 2nd period - Icing by John Marino.
15:41 of 2nd period - Sean Monahan wins face-off versus Michael Carcone in Vegas Golden Knights zone.
15:54 of 2nd period - Simon Benoit is hit by Reilly Smith and loses puck.
16:27 of 2nd period - Max Pacioretty is hit by Sean Monahan and loses puck.
16:32 of 2nd period - Snap shot by Tyler Toffoli.
16:32 of 2nd period - Shot Misses the Net.
16:34 of 2nd period - Snap shot by Roman Josi.
16:34 of 2nd period - Shot Misses the Net.
16:36 of 2nd period - Slapshot by Tyler Bertuzzi.
16:36 of 2nd period - Goal by Tyler Bertuzzi - Nashville Predators : 3 - Vegas Golden Knights : 1.
16:37 of 2nd period - Ryan Johansen wins face-off versus Reilly Smith in neutral zone.
17:05 of 2nd period - Off-side.
17:06 of 2nd period - Thomas Novak wins face-off versus Danton Heinen in neutral zone.
17:40 of 2nd period - Wrist shot by Tyler Toffoli.
17:40 of 2nd period - Goal by Tyler Toffoli - Nashville Predators : 3 - Vegas Golden Knights : 2.
17:41 of 2nd period - Alexander Wennberg wins face-off versus Auston Matthews in neutral zone.
17:50 of 2nd period - Snap shot by Jack Drury.
17:50 of 2nd period - Stopped by Cayden Primeau with a rebound.
17:52 of 2nd period - Slapshot by Artem Zub.
17:52 of 2nd period - Stopped by Cayden Primeau with a rebound.
17:54 of 2nd period - Wrist shot by Jack Drury.
17:54 of 2nd period - Deflect By Alexander Wennberg.
17:54 of 2nd period - Shot Misses the Net.
17:54 of 2nd period - Puck is out of play.
17:55 of 2nd period - Auston Matthews wins face-off versus Colton Sissons in Vegas Golden Knights zone.
17:59 of 2nd period - Thomas Chabot is hit by Ben Chiarot and loses puck.
18:09 of 2nd period - Minor Penalty to Thomas Chabot for Holding.
18:10 of 2nd period - Colton Sissons wins face-off versus Sean Couturier in Vegas Golden Knights zone.
18:20 of 2nd period - Snap shot by Leo Carlsson.
18:20 of 2nd period - Stopped by Cayden Primeau without a rebound.
18:21 of 2nd period - Pierre-edouard Bellemare wins face-off versus Ryan Johansen in Vegas Golden Knights zone.
18:26 of 2nd period - Snap shot by John Marino.
18:26 of 2nd period - Stopped by Semyon Varlamov without a rebound.
18:27 of 2nd period - Pierre-edouard Bellemare wins face-off versus Trevor Zegras in Nashville Predators zone.
18:52 of 2nd period - Backhand shot by Ryan Johansen.
18:52 of 2nd period - Shot Blocked by John Marino.
18:54 of 2nd period - Snap shot by Colton Sissons.
18:54 of 2nd period - Stopped by Cayden Primeau without a rebound.
18:55 of 2nd period - Sean Couturier wins face-off versus Leo Carlsson in Vegas Golden Knights zone.
19:00 of 2nd period - Wrist shot by Colton Sissons.
19:00 of 2nd period - Deflect By Max Pacioretty.
19:00 of 2nd period - Goal by Max Pacioretty - Nashville Predators : 4 - Vegas Golden Knights : 2.
19:01 of 2nd period - Ryan Johansen wins face-off versus Auston Matthews in neutral zone.
19:04 of 2nd period - Snap shot by Tyson Foerster.
19:04 of 2nd period - Shot Misses the Net.
19:06 of 2nd period - Wrist shot by Tyson Foerster.
19:06 of 2nd period - Deflect By Trevor Zegras.
19:06 of 2nd period - Shot Misses the Net.
19:06 of 2nd period - Puck is out of play.
19:07 of 2nd period - Ryan Johansen wins face-off versus Auston Matthews in Vegas Golden Knights zone.
19:08 of 2nd period - Snap shot by Trevor Zegras.
19:08 of 2nd period - Goal by Trevor Zegras - Nashville Predators : 5 - Vegas Golden Knights : 2.
19:09 of 2nd period - Jack Drury wins face-off versus Auston Matthews in neutral zone.
Goals for this period are 3 for Nashville Predators vs 2 for Vegas Golden Knights.
Shots for this period are 10 for Nashville Predators vs 8 for Vegas Golden Knights.
3rd period
0:01 of 3rd period - Thomas Novak wins face-off versus Auston Matthews in neutral zone.
0:04 of 3rd period - Bryan Rust is hit by Michael Carcone and loses puck.
0:27 of 3rd period - Colton Sissons is hit by Tyler Toffoli and loses puck.
1:08 of 3rd period - Snap shot by Roman Josi.
1:08 of 3rd period - Stopped by Semyon Varlamov with a rebound.
1:15 of 3rd period - Minor Penalty to Alexander Wennberg for Hooking.
1:16 of 3rd period - Colton Sissons wins face-off versus Reilly Smith in Nashville Predators zone.
1:43 of 3rd period - Tyler Bertuzzi is hit by Ben Chiarot and loses puck.
3:15 of 3rd period - Penalty to Alexander Wennberg is over, Alexander Wennberg is back on ice.
3:25 of 3rd period - Snap shot by Brett Leason.
3:25 of 3rd period - Shot Misses the Net.
3:28 of 3rd period - Icing by John Marino.
3:29 of 3rd period - Thomas Novak wins face-off versus Sean Couturier in Vegas Golden Knights zone.
3:32 of 3rd period - Snap shot by Thomas Novak.
3:32 of 3rd period - Stopped by Cayden Primeau without a rebound.
3:33 of 3rd period - Sean Couturier wins face-off versus Thomas Novak in Vegas Golden Knights zone.
3:48 of 3rd period - Slapshot by Thomas Novak.
3:48 of 3rd period - Stopped by Cayden Primeau with a rebound.
3:55 of 3rd period - Icing by Marc-Edouard Vlasic.
3:56 of 3rd period - Colton Sissons wins face-off versus Bryan Rust in Vegas Golden Knights zone.
4:07 of 3rd period - Slapshot by Bryan Rust.
4:07 of 3rd period - Goal by Bryan Rust - Nashville Predators : 5 - Vegas Golden Knights : 3.
4:08 of 3rd period - Colton Sissons wins face-off versus Sean Monahan in neutral zone.
4:10 of 3rd period - Minor Penalty to Max Pacioretty for Tripping.
4:11 of 3rd period - Sean Monahan wins face-off versus Ryan Johansen in Nashville Predators zone.
4:18 of 3rd period - Icing by Tyler Toffoli.
4:19 of 3rd period - Sean Monahan wins face-off versus Colton Sissons in Vegas Golden Knights zone.
4:31 of 3rd period - Icing by Roman Josi.
4:32 of 3rd period - Sean Monahan wins face-off versus Ryan Johansen in Vegas Golden Knights zone.
4:47 of 3rd period - Slapshot by Tyler Toffoli.
4:47 of 3rd period - Stopped by Semyon Varlamov without a rebound.
4:48 of 3rd period - Colton Sissons wins face-off versus Auston Matthews in Nashville Predators zone.
4:48 of 3rd period - Colton Sissons is hit by Thomas Chabot.
5:10 of 3rd period - Artem Zub is hit by John Marino and loses puck.
5:27 of 3rd period - Snap shot by Colton Sissons.
5:27 of 3rd period - Stopped by Cayden Primeau with a rebound.
5:29 of 3rd period - Snap shot by Colton Sissons.
5:29 of 3rd period - Stopped by Cayden Primeau with a rebound.
5:31 of 3rd period - Slapshot by Simon Benoit.
5:31 of 3rd period - Shot Blocked by John Marino.
5:33 of 3rd period - Slapshot by Colton Sissons.
5:33 of 3rd period - Stopped by Cayden Primeau with a rebound.
6:10 of 3rd period - Penalty to Max Pacioretty is over, Max Pacioretty is back on ice.
6:18 of 3rd period - Slapshot by Roman Josi.
6:18 of 3rd period - Shot Misses the Net.
6:24 of 3rd period - Ryan Graves is hit by Artem Zub and loses puck.
6:31 of 3rd period - Wrist shot by Colton Sissons.
6:31 of 3rd period - Stopped by Cayden Primeau with a rebound.
6:39 of 3rd period - Wrist shot by Alexander Wennberg.
6:39 of 3rd period - Stopped by Cayden Primeau with a rebound.
7:03 of 3rd period - Snap shot by Alexander Wennberg.
7:03 of 3rd period - Stopped by Cayden Primeau without a rebound.
7:04 of 3rd period - Auston Matthews wins face-off versus Ryan Johansen in Vegas Golden Knights zone.
7:40 of 3rd period - Backhand shot by Brandon Montour.
7:40 of 3rd period - Shot Misses the Net.
8:34 of 3rd period - Slapshot by Danton Heinen.
8:34 of 3rd period - Stopped by Semyon Varlamov without a rebound.
8:35 of 3rd period - Jack Drury wins face-off versus Sean Couturier in Nashville Predators zone.
9:06 of 3rd period - Reilly Smith is hit by Ryan Johansen and loses puck.
10:19 of 3rd period - Wrist shot by Max Pacioretty.
10:19 of 3rd period - Shot Blocked by Bryan Rust.
10:35 of 3rd period - Simon Benoit is hit by Curtis Lazar and loses puck.
10:54 of 3rd period - Brandon Montour is hit by Danton Heinen and loses puck.
11:11 of 3rd period - Thomas Chabot is hit by Alexander Wennberg and loses puck.
11:16 of 3rd period - Wrist shot by Jack Drury.
11:16 of 3rd period - Deflect By Sean Monahan.
11:16 of 3rd period - Shot Misses the Net.
11:16 of 3rd period - Puck is out of play.
11:17 of 3rd period - Sean Monahan wins face-off versus Ryan Johansen in Vegas Golden Knights zone.
11:22 of 3rd period - Ben Chiarot is hit by Sean Monahan and loses puck.
11:57 of 3rd period - Jordan Staal is hit by Ryan Johansen and loses puck.
12:16 of 3rd period - Snap shot by Jordan Staal.
12:16 of 3rd period - Stopped by Semyon Varlamov with a rebound.
12:24 of 3rd period - Snap shot by Danton Heinen.
12:24 of 3rd period - Stopped by Semyon Varlamov without a rebound.
12:25 of 3rd period - Auston Matthews wins face-off versus Thomas Novak in Nashville Predators zone.
13:06 of 3rd period - Minor Penalty to Mattias Samuelsson for Tripping.
13:07 of 3rd period - Auston Matthews wins face-off versus Colton Sissons in Nashville Predators zone.
13:31 of 3rd period - Artem Zub is hit by Tyler Bertuzzi and loses puck.
13:59 of 3rd period - Ben Chiarot is hit by Auston Matthews and loses puck.
15:06 of 3rd period - Penalty to Mattias Samuelsson is over, Mattias Samuelsson is back on ice.
15:12 of 3rd period - Icing by Ben Chiarot.
15:13 of 3rd period - Sean Couturier wins face-off versus Thomas Novak in Nashville Predators zone.
15:18 of 3rd period - Slapshot by Danton Heinen.
15:18 of 3rd period - Stopped by Semyon Varlamov without a rebound.
15:19 of 3rd period - Pius Suter wins face-off versus Sean Couturier in Nashville Predators zone.
15:36 of 3rd period - Backhand shot by Sean Couturier.
15:36 of 3rd period - Shot Misses the Net.
15:38 of 3rd period - Snap shot by John Marino.
15:38 of 3rd period - Shot Misses the Net.
15:40 of 3rd period - Snap shot by Danton Heinen.
15:40 of 3rd period - Shot Misses the Net.
15:52 of 3rd period - Wrist shot by Thomas Novak.
15:52 of 3rd period - Stopped by Cayden Primeau with a rebound.
15:58 of 3rd period - Wrist shot by Danton Heinen.
15:58 of 3rd period - Goal by Danton Heinen - Nashville Predators : 5 - Vegas Golden Knights : 4.
15:59 of 3rd period - Trevor Lewis wins face-off versus Jack Drury in neutral zone.
16:01 of 3rd period - Thomas Chabot is hit by Artem Zub and loses puck.
16:06 of 3rd period - Slapshot by Thomas Chabot.
16:06 of 3rd period - Shot Misses the Net.
16:08 of 3rd period - Snap shot by Trevor Lewis.
16:08 of 3rd period - Stopped by Semyon Varlamov without a rebound.
16:09 of 3rd period - Pierre-edouard Bellemare wins face-off versus Jack Drury in Nashville Predators zone.
16:26 of 3rd period - Off-side.
16:27 of 3rd period - Thomas Novak wins face-off versus Danton Heinen in neutral zone.
16:34 of 3rd period - Snap shot by Pius Suter.
16:34 of 3rd period - Stopped by Cayden Primeau with a rebound.
16:42 of 3rd period - Slapshot by Thomas Novak.
16:42 of 3rd period - Goal by Thomas Novak - Nashville Predators : 6 - Vegas Golden Knights : 4.
16:43 of 3rd period - Sean Couturier wins face-off versus Jack Drury in neutral zone.
17:08 of 3rd period - Danton Heinen is hit by Ben Chiarot and loses puck.
17:33 of 3rd period - Slapshot by Danton Heinen.
17:33 of 3rd period - Stopped by Semyon Varlamov with a rebound.
17:35 of 3rd period - Snap shot by Sean Couturier.
17:35 of 3rd period - Goal by Sean Couturier - Nashville Predators : 6 - Vegas Golden Knights : 5.
17:36 of 3rd period - Pierre-edouard Bellemare wins face-off versus Thomas Novak in neutral zone.
18:01 of 3rd period - Jack Drury is hit by Reilly Smith and loses puck.
18:30 of 3rd period - Slapshot by Colton Sissons.
18:30 of 3rd period - Shot Misses the Net.
18:32 of 3rd period - Snap shot by Colton Sissons.
18:32 of 3rd period - Stopped by Cayden Primeau with a rebound.
19:05 of 3rd period - Auston Matthews is hit by Alexander Wennberg and loses puck.
19:10 of 3rd period - Snap shot by Colton Sissons.
19:10 of 3rd period - Shot Blocked by Thomas Chabot.
19:18 of 3rd period - Alexander Wennberg is hit by Marc-Edouard Vlasic and loses puck.
19:21 of 3rd period - Vegas Golden Knights, Cayden Primeau is pulled from the net.
19:44 of 3rd period - Slapshot by Thomas Chabot.
19:44 of 3rd period - Shot Misses the Net.
19:46 of 3rd period - Slapshot by Marc-Edouard Vlasic.
19:46 of 3rd period - Stopped by Semyon Varlamov with a rebound.
19:56 of 3rd period - Snap shot by Auston Matthews.
19:56 of 3rd period - Deflect By Ryan Johansen.
19:56 of 3rd period - Shot Blocked by Juuso Valimaki.
19:56 of 3rd period - Puck is out of play.
19:57 of 3rd period - Lindy Ruff call a timeout for Vegas Golden Knights.
19:57 of 3rd period - Auston Matthews wins face-off versus Colton Sissons in Nashville Predators zone.
0:00 - Minor Penalty to Danton Heinen for Tripping.
Goals for this period are 1 for Nashville Predators vs 3 for Vegas Golden Knights.
Shots for this period are 12 for Nashville Predators vs 12 for Vegas Golden Knights.
Back to the Top